cohdb
Replays
Latest Replays
All Replays
Popular Replays
Top Player Replays
Match Explorer
How It Works
Community
CoH3 Stats
Reddit
Sign in to upload your games and track your stats! →
Sign in with Steam
Match 45827496
Unlisted
Match 45827496
Overview
Messages
Build Orders
End
Construct Barracks
Selects Advanced Infantry Battlegroup
Riflemen Squad
Riflemen Squad
Riflemen Squad
Grenade Package
Selects Convert to Ranger Squad
Convert to Ranger Squad
Air Support Center
Construct Motor Pool
Grasshopper Recon Run
M1 Anti-tank Gun Team
P-47 Strafing Run
Selects Frontline Medical Station
Grasshopper Recon Run
Frontline Medical Station
Selects Artillery Observers
Grasshopper Recon Run
P-47 Strafing Run
Convert to Ranger Squad
Selects M2A1 105mm Howitzer Emplacement
Grasshopper Recon Run
P-47 Dive Bomb
P-47 Strafing Run
M1 Anti-tank Gun Team
P-47 Strafing Run
Grasshopper Recon Run
P-47 Dive Bomb
P-47 Strafing Run
Ranger Squad
Grasshopper Recon Run
Selects Free Fire Drills
Engineer Squad
Grasshopper Recon Run
Selects Free Fire Drills
Selects Infantry Assault
Infantry Assault
P-47 Strafing Run
P-47 Dive Bomb
Grasshopper Recon Run
Infantry Assault
P-47 Strafing Run
P-47 Dive Bomb
Grasshopper Recon Run
Anfon
BadNewsBeavers
El Marino Loko
forstrife1
Mohama
corninski
0
0
Comments
sign in to comment!
No comments posted yet!